 Dungeon Crawl Stone Soup version 0.30-a0-1085-g990a428a5c (webtiles) character file.

Game seed: 11424108161424893298

101 porpoise the Shooter (level 4, -8/35 HPs)
             Began as a Barachi Hunter on Apr 17, 2023.
             Mangled by Robin
             ... wielding a +1 whip of electrocution
              (20 damage)
             ... on level 2 of the Dungeon.
             The game lasted 00:06:14 (1962 turns).

porpoise the Shooter (Barachi Hunter)               Turns: 1962, Time: 00:06:15

Health: -8/35      AC:  4    Str: 12    XL:     4   Next: 75%
Magic:  4/4        EV: 12    Int:  9    God:
Gold:   95         SH:  0    Dex: 18    Spells: 3/3 levels left

rFire   . . .      SeeInvis .    b - +0 short sword (venom)
rCold   . . .      Faith    .    (no shield)
rNeg    + . .      Spirit   .    s - +1 leather armour {rN+}
rPois   .          Reflect  .    (no helmet)
rElec   .          Rampage  .    (no cloak)
rCorr   .                        (no gloves)
Will    .....                    (no boots)
Stlth   ++                       (no amulet)
HPRegen 0.25/turn                (no ring)
MPRegen 0.09/turn                (no ring)

@: slow
A: amphibious, slowness 1, strong legs 1, +LOS
a: Hop


You were on level 2 of the Dungeon.
You visited 1 branch of the dungeon, and saw 3 of its levels.

You collected 95 gold pieces.

Inventory:

Hand Weapons
 a - a +0 shortbow
 b - a +0 short sword of venom (weapon)
 e - a +1 short sword of speed
Missiles
 p - 6 poisoned darts
Armour
 s - a +1 leather armour of positive energy (worn)
Scrolls
 d - 2 scrolls of immolation
 h - 2 scrolls of identify
 k - a scroll of teleportation {unknown}
 m - a scroll of torment {unknown}
 o - a scroll of fog
 q - a scroll of amnesia
Potions
 c - a potion of degeneration {unknown}
 f - a potion of resistance
 g - a potion of ambrosia
 i - a potion of invisibility
 j - a potion of curing {unknown}
 l - a potion of haste {unknown}
 n - a potion of lignification {unknown}
 r - a potion of cancellation {unknown}


   Skills:
 + Level 3.5 Fighting
 * Level 5.0 Ranged Weapons
 - Level 2.2 Dodging
 + Level 2.2 Stealth


You had 3 spell levels left.
You didn't know any spells.
Your spell library contained the following spells:

 Spells                   Type           Power      Damage    Failure   Level
 Ignite Poison            Fire/Tmut/Pois 0%         N/A       83%         3
 Tukima's Dance           Hex            0%         N/A       83%         3
 Passage of Golubria      Tloc           0%         N/A       99%         4
 Sticky Flame             Conj/Fire      0%         2d3       99%         4
 Yara's Violent Unravell  Hex/Tmut       0%         3d3       100%        5
 Conjure Ball Lightning   Conj/Air       0%         3x3d6     100%        6
 Discord                  Hex            0%         N/A       100%        8
 Disjunction              Tloc           0%         N/A       100%        8
 Ignition                 Fire           0%         3d3       100%        8


Dungeon Overview and Level Annotations

Branches:
Dungeon (3/15)

Altars:

Annotations:
D:2 Robin


Innate Abilities, Weirdness & Mutations

You are amphibious.
You cover ground slowly.
You can hop short distances.
You have an extended range of vision and can be seen from far away.


Message History

You shoot an arrow. The arrow hits the goblin.
You kill the goblin!
You shoot an arrow. The arrow closely misses the rat.
The arrow hits the dart slug but does no damage.
You shoot an arrow. The goblin shouts!
The arrow hits the rat.
You kill the rat!
You shoot an arrow. The arrow barely misses the goblin.
You shoot an arrow. The arrow barely misses the goblin.
The goblin hits you with a +0 club.
Robin roars a battlecry!
The goblins go into a battle-frenzy!
You shoot an arrow. The arrow hits the goblin.
You kill the goblin!
Robin hits you with a +1 whip of electrocution.
You climb upwards.
There is a stone staircase leading down here.
You shoot an arrow. The arrow barely misses Robin.
Robin hits you with a +1 whip of electrocution.
You shoot an arrow. The arrow hits Robin.
Robin is moderately wounded.
Robin barely misses you.
You shoot an arrow. The arrow barely misses Robin.
Robin hits you with a +1 whip of electrocution. x2
You are too injured to fight recklessly!
Your +0 short sword of venom begins to drip with poison!
b - a +0 short sword of venom (weapon)
You hit Robin.
Robin is poisoned.
Robin is heavily wounded.
Robin misses you.
You hit Robin.
Robin looks as sick as possible!
Robin is severely wounded.
Robin hits you but does no damage.
You closely miss Robin.
Robin is severely wounded.
Robin hits you with a +1 whip of electrocution.
You are electrocuted!!
Ouch! That really hurt!
You die...

# #..#.##...##.# ##### #.##.
# ##.###[##..##.###...#
#.##. # #.##
#.........##.#.## ###.##. #
##†###.#######.......#
#..†##. # #..#..# #.......#
#.####. # #.#.#.# #.......#
#.# #. # #.#<#.# #.......#
#.# ##. ####.#.#)# #)......#
#.# #.. ...†.#.#.# #@g.....#
#.# #..
#.####[#.#######.......# #.#
#.[ #.#
#.#...............####.# #..
#.# #.#####.##.##.##.......#
#.. #.# #.#
##.#.#.###.####### #.. #.#
#.#######...## #.# ####..
#.#
#........#.#####.######.....
#.########......#
#..............
#..........##.###
#.#...........#


You could see Robin (extremely poisoned).

Vanquished Creatures
  A gnoll (D:1)
  2 adders
  A dart slug (D:1)
  11 bats
  4 endoplasms
  2 giant cockroaches (D:1)
  14 goblins
  5 hobgoblins
  5 kobolds (D:1)
  3 quokkas
  9 ball pythons
  3 frilled lizards
  5 rats
65 creatures vanquished.

Notes
Turn   | Place    | Note
-------+----------+-------------------------------------------
     0 | D:1      | porpoise the Barachi Hunter began the quest for the Orb.
     0 | D:1      | Reached XP level 1. HP: 17/17 MP: 1/1
    59 | D:1      | Reached skill level 1 in Stealth
   135 | D:1      | Reached XP level 2. HP: 23/23 MP: 2/2
   324 | D:1      | Reached XP level 3. HP: 28/28 MP: 3/3
  1314 | D:2      | Reached XP level 4. HP: 35/35 MP: 4/4
  1784 | D:3      | Noticed Robin
  1827 | D:3      | Reached skill level 5 in Ranged Weapons
  1962 | D:2      | Mangled by Robin

Illustrated notes

Levels and vault maps discovered:
D:1:      nicolae_arrival_washed_ashore, layout_basic
D:2:      layout_loops_ring
D:3:      layout_rooms, ebering_ecumenical_altar_box, solitary_fountain,
          uniq_jessica, uniq_robin

Skill      XL: |  1  2  3  4 |
---------------+-------------+-----
Stealth        | 1 2 |  2.2
Fighting       | 3 |  3.5
Ranged Weapons | 5 |  5.0
Dodging        | |  2.2

Action                     |  1- 3 |  4- 6 || total
---------------------------+-------+-------++-------
  Melee: Short sword       |       |     3 ||     3
   Fire: Shortbow          |    98 |    60 ||   158
Ability: Hop               |     1 |       ||     1
    Use: Scroll            |     2 |     2 ||     4
         Potion            |     1 |       ||     1
 Armour: Leather armour    |     9 |    12 ||    21
  Dodge: Dodged            |    28 |    22 ||    50

Table legend: (Time is in decaauts)
 A = Elapsed time spent in this place.
 B = Non-inter-level travel time spent in this place.
 C = Inter-level travel time spent in this place.
 D = Time resting spent in this place.
 E = Time spent auto-exploring this place.
 F = Levels seen in this place.
 G = Mean time per level.
                   A        B        C        D        E       F      G
               +--------+--------+--------+--------+--------+-----+--------+
         Total |   2315 |   2203 |    112 |    162 |   1635 |   3 |  771.7 |
       Dungeon |   2315 |   2203 |    112 |    162 |   1635 |   3 |  771.7 |
               +--------+--------+--------+--------+--------+-----+--------+

Top non-repeatable levels by time:
     D:1: 1256 daAuts
     D:2: 891 daAuts
     D:3: 167 daAuts
